[Event "WA Class Championship (Class X)"]
[Site "Redmond, WA"]
[Date "2022.11.27"]
[Round "5"]
[White "Lazarte, Paul"]
[Black "Liu, Erik"]
[Result "1-0"]
[ECO "B90"]
[WhiteElo "1873"]
[BlackElo "1800"]
[Annotator "Paul Lazarte"]
[PlyCount "53"]
[EventDate "2022.11.26"]
[EventType "swiss"]
[EventRounds "6"]
[EventCountry "USA"]
[TimeControl "40/120:0"]

1. e4 c5 2. Nf3 d6 3. d4 cxd4 4. Nxd4 Nf6 5. Nc3 a6 6. Bd3 e5 7. Nf3 b5 {
We started with Sicilian Defense, Nardorf Variation. I thought we were
competing for the center squares until he moved b4. I believed there was a
plan for Bb7 and b4 to pressure e4.} 8. Bg5 Nbd7 9. Qd2 Bb7 {I moved the queen
up in case of queen side castle and continue the attack on the king's side} 10.
a3 Be7 11. Nh4 g6 12. O-O h6 13. Be3 Ng4 14. Nf3 Nxe3 15. Qxe3 Nf6 {I would
say Black did a great job in nuetralizing the king's side attack} 16. Rad1 Qc8
17. h3 Nh5 18. Ne2 g5 {The table had turned. Black is now attacking my king's
side} 19. Ng3 Nxg3 ({I thought that} 19... Nf4 {was a better move but I was
lucky Black took Ng3 although I ended up with double pawn}) 20. fxg3 d5 {
This was a tricky move. Black's plan was to skew my queen with Bc5 check} 21.
Qe2 Qc5+ 22. Kh1 d4 23. Rc1 f6 ({I though} 23... f6 {weakens king's defenses.
I would have castled to protect the king.}) 24. c3 {After this move, I knew
that I now have the advantage. dxc3 will put his queen in a bad position. Rc8
will weaken his pawn structure and expose the queen side.} dxc3 25. Rxc3 Qd6
26. Rd1 {A big decision has to be made here. If 26...Qe6, I planned to advance
rook to c7 or Bxb5+ taking two pawns with plans to regain bishop at b7. If
26…Qb8, I planned to take on b5.} Qb6 27. Nxe5 1-0